 Dungeon Crawl Stone Soup version 0.29-a0-577-gafbf2c5d25 (webtiles) character file.

Game seed: 9302300781901705223

49 shoop the Insei (level 4, -2/35 HPs)
             Began as a Meteoran Transmuter on June 13, 2022.
             Slain by an orc
             ... wielding a +0 whip
              (4 damage)
             ... on level 4 of the Dungeon.
             The game lasted 00:03:17 (302 turns).

shoop the Insei (Meteoran Transmuter)                Turns: 302, Time: 00:03:17

Health: -2/35      AC:  2    Str: 11    XL:     4   Next: 20%
Magic:  9/9        EV: 12    Int: 16    God:
Gold:   0          SH:  0    Dex: 15    Spells: 7/8 levels left

rFire   . . .      SeeInvis .     - Unarmed
rCold   . . .      Faith    .   (no shield)
rNeg    . . .      Spirit   .   a - +0 robe
rPois   .          Reflect  .   (no helmet)
rElec   .          Harm     .   (no cloak)
rCorr   .          Rampage  .   (no gloves)
Will    .....                   (no boots)
Stlth   +.........              (no amulet)
HPRegen 0.11/turn               (no ring)
MPRegen 0.11/turn               (no ring)

@: glowing
A: sense surroundings 1, otherworldly, glowing, explore regen
a: no special abilities


You were on level 4 of the Dungeon.
You visited 1 branch of the dungeon, and saw 4 of its levels.

Inventory:

Missiles
 d - 2 javelins
Armour
 a - a +0 robe (worn)
Scrolls
 c - a scroll of identify {unknown}
Potions
 b - a potion of lignification
 e - 2 potions of curing {unknown}


   Skills:
 - Level 1.1 Fighting
 - Level 2.4 Dodging
 + Level 5.5 Unarmed Combat
 - Level 2.6 Spellcasting
 - Level 2.4 Transmutations


You had 7 spell levels left.
You knew the following spells:

 Your Spells              Type           Power      Damage    Failure   Level
a - Beastly Appendage     Tmut           18%        N/A       7%          1

Your spell library contained the following spells:

 Spells                   Type           Power      Damage    Failure   Level
 Wereblood                Tmut           9%         N/A       11%         2
 Spider Form              Tmut/Pois      6%         N/A       34%         3
 Ice Form                 Ice/Tmut       6%         N/A       75%         4


Dungeon Overview and Level Annotations

Branches:
Dungeon (4/15)
 Temple: D:4-7

Altars:


Innate Abilities, Weirdness & Mutations

You passively map a small area around you.
You are easily found by Zot.
You glow in the dark.
You regain HP and MP as you explore.


Message History

Increase (S)trength, (I)ntelligence, or (D)exterity?
You feel clever. x2; You feel agile.
You aren't carrying any items that you can evoke.
Unknown command.
An orc comes into view. It is wielding a +0 whip.
The orc shouts!
The orc priest mumbles some strange prayers to Beogh against you.
Beogh smites you!
Items here: ))) [.
Unknown command.
You hit the orc priest.
The orc priest is lightly wounded.
The orc priest closely misses you.
You hit the orc priest. You claw the orc priest. You headbutt the orc priest.
You punch the orc priest.
The orc priest is heavily wounded.
The orc priest barely misses you.
You hit the orc priest. You claw the orc priest.
The orc priest is severely wounded.
The orc priest hits you with a +0 club.
* * * LOW HITPOINT WARNING * * *
You barely miss the orc priest. You headbutt the orc priest.
The orc priest is severely wounded.
You hit the orc priest.
You kill the orc priest!
The orc hits you with a +0 whip.
* * * LOW HITPOINT WARNING * * *
Your Unarmed Combat skill increases to level 5!
You have reached level 4!
You hit the orc but do no damage. Your kick misses the orc.
Your horns disappear.
Your talons disappear.
The orc hits you but does no damage.
You hit the orc.
The orc is moderately wounded.
The orc hits you with a +0 whip.
* * * LOW HITPOINT WARNING * * *
You hit the orc but do no damage.
The orc is moderately wounded.
The orc hits you with a +0 whip.
You die...

#.#........# *
,#.########## ,
* #.#.......#
,#†#.#####.# *
,#.#.# #.#
*,#.#.# #.# ,
#.#.# #.# ,
#...# #.#
#.o##########@#
..>o........o)#
#.#############
* ,* , ,, , , ,
* * ** * , , ,*
*


You could see an orc.

Vanquished Creatures
  An orc priest (D:4)
  2 dart slugs
  3 orcs (D:4)
  2 ball pythons
  A goblin (D:1)
  2 hobgoblins (D:1)
11 creatures vanquished.

Notes
Turn   | Place    | Note
-------+----------+-------------------------------------------
     0 | D:1      | shoop the Meteoran Transmuter began the quest for the Orb.
     0 | D:1      | Reached XP level 1. HP: 16/16 MP: 5/5
    30 | D:1      | Reached skill level 4 in Unarmed Combat
    30 | D:1      | Reached XP level 2. HP: 13/23 MP: 3/6
   294 | D:4      | Reached XP level 3. HP: 19/28 MP: 8/8
   300 | D:4      | Reached skill level 5 in Unarmed Combat
   300 | D:4      | Reached XP level 4. HP: 4/35 MP: 9/9
   302 | D:4      | Slain by an orc

Illustrated notes

Levels and vault maps discovered:
D:1:      dpeg_arrival_tiny_g, layout_rooms, shapermc_ecumenical_altar_pompeii,
          dreamdust_mushroom_princess, fountainhead, minmay_misc_feat_tower
D:2:      layout_loops_corners, dk_noncrumbling_3
D:3:      minmay_recursive_quarters, layout_loops_corners, serial_shops, shop
D:4:      layout_basic, minmay_temple_entry_gardened_gates

Skill      XL: |  1  2  3 |
---------------+----------+-----
Unarmed Combat | 4 5 |  5.5
Fighting       | |  1.1
Dodging        | |  2.4
Spellcasting   | |  2.6
Transmutations | |  2.4

Action                   |  1- 3 |  4- 6 || total
-------------------------+-------+-------++-------
Melee: Unarmed           |    36 |     3 ||    39
       Headbutt          |     8 |       ||     8
       Kick              |     5 |       ||     5
       Punch             |     2 |       ||     2
 Cast: Beastly Appendage |     5 |       ||     5
Armor: Robe              |       |     1 ||     1
Dodge: Dodged            |    10 |       ||    10

Table legend: (Time is in decaauts)
 A = Elapsed time spent in this place.
 B = Non-inter-level travel time spent in this place.
 C = Inter-level travel time spent in this place.
 D = Time resting spent in this place.
 E = Time spent auto-exploring this place.
 F = Levels seen in this place.
 G = Mean time per level.
                   A        B        C        D        E       F      G
               +--------+--------+--------+--------+--------+-----+--------+
         Total |    298 |    298 |      0 |      0 |      6 |   4 |   74.5 |
       Dungeon |    298 |    298 |      0 |      0 |      6 |   4 |   74.5 |
               +--------+--------+--------+--------+--------+-----+--------+

Top non-repeatable levels by time:
     D:4: 141 daAuts
     D:2: 83 daAuts
     D:1: 60 daAuts
     D:3: 12 daAuts
